BSA
BOSTON REBELS @ SAN FRANCISCO BANDITS
03/11/2026
 
TOP OF THE 1ST
Boston Rebels batting - Pitching for San Francisco Bandits : RHP Mabuchi Yoshida
Pitching: RHP Mabuchi Yoshida
Batting: LHB Bill Wilson 0-0: Ball
1-0: Called Strike
1-1: Ball
2-1: Foul Ball, location: 2F
2-2: Ball
3-2: Ground out 4-3 (Groundball, 4)
Batting: LHB Stanley Mullins 0-0: Called Strike
0-1: Foul Ball, location: 2F
0-2: Ball
1-2: Ground out 5-3 (Groundball, 56)
Batting: LHB Ricardo Brandariz 0-0: Swinging Strike
0-1: Ground out 4-3 (Groundball, 34)
Top of the 1st over - 0 run(s), 0 hit(s), 0 error(s), 0 left on base; Boston 0 - San Francisco 0
BOTTOM OF THE 1ST
San Francisco Bandits batting - Pitching for Boston Rebels : RHP Alberto Bonilla
Pitching: RHP Alberto Bonilla
Batting: RHB Pete Rideout 0-0: Called Strike
0-1: Ball
1-1: Ball
2-1: Called Strike
2-2: Foul Ball, location: 2F
2-2: Ground out 6-3 (Groundball, 6)
Batting: RHB Cory Foster 0-0: Ball
1-0: Called Strike
1-1: Ball
2-1: SINGLE (Groundball, 56)
Pitching: RHP Dorian Hoskins
Batting: LHB Jerry Bryan 0-0: Ball
1-0: Ball
2-0: Ball
3-0: Called Strike
3-1: Called Strike
3-2: Foul Ball, location: 2F
3-2: SINGLE (Line Drive, 8RS)
Cory Foster to second
Runner from 2nd tries for 3rd, SAFE, throw made to third
Batting: RHB Jorge Morales 0-0: Ball
1-0: Ball
2-0: Called Strike
2-1: Fly out, F8 (Line Drive, 8LD)
Runner from 3rd tags up, SCORES, no throw
Batting: RHB Michael Elliott 0-0: Ball
1-0: SINGLE (Groundball, 34D)
Jerry Bryan to second
Runner from 2nd tries for 3rd, OUT!
Bottom of the 1st over - 1 run(s), 3 hit(s), 0 error(s), 1 left on base; Boston 0 - San Francisco 1
TOP OF THE 2ND
Boston Rebels batting - Pitching for San Francisco Bandits : RHP Mabuchi Yoshida
Batting: LHB Lorenzo Flores 0-0: Ball
1-0: Foul Ball, location: 2F
1-1: Ball
2-1: Foul Ball, location: 2F
2-2: Ground out 4-3 (Groundball, 4)
Batting: SHB Javier Villegas 0-0: DOUBLE (Flyball, 8LXD)
Batting: RHB Clancy Booker 0-0: Called Strike
0-1: TRIPLE (Line Drive, 9D)
Javier Villegas scores
Batting: RHB Ronnie Brown 0-0: Ball
1-0: Ball
2-0: SINGLE (Groundball, 15) (infield hit)
Batting: LHB Tony Ramírez 0-0: Fly out, F7 (Flyball, 7D)
Runner from 3rd tags up, SCORES, no throw
Batting: RHB Rubén Matos 0-0: DOUBLE (Line Drive, 7LS)
Ronnie Brown to third
Runner from 3rd tries for Home, SAFE, no throw or cutoff
Batting: LHB Bill Wilson 0-0: Ball
1-0: Called Strike
1-1: Foul Ball, location: 2F
1-2: Ground out 6-3 (Groundball, 6)
Top of the 2nd over - 3 run(s), 4 hit(s), 0 error(s), 1 left on base; Boston 3 - San Francisco 1
BOTTOM OF THE 2ND
San Francisco Bandits batting - Pitching for Boston Rebels : RHP Dorian Hoskins
Batting: SHB Vicente Ricks 0-0: Swinging Strike
0-1: Foul Ball, location: 2F
0-2: Ball
1-2: Ball
2-2: Foul Ball, location: 2F
2-2: Fly out, F5 (Popup, 5F)
Batting: RHB Emílio Bruno 0-0: Ball
1-0: Fly out, F7 (Flyball, 7M)
Batting: RHB Javier Ramírez 0-0: Called Strike
0-1: Called Strike
0-2: Fly out, F5 (Line Drive, 5)
Bottom of the 2nd over - 0 run(s), 0 hit(s), 0 error(s), 0 left on base; Boston 3 - San Francisco 1
TOP OF THE 3RD
Boston Rebels batting - Pitching for San Francisco Bandits : RHP Mabuchi Yoshida
Batting: LHB Stanley Mullins 0-0: Ground out 6-3 (Groundball, 6M)
Batting: LHB Ricardo Brandariz 0-0: Called Strike
0-1: Foul Ball, location: 2F
0-2: Ball
1-2: Ball
2-2: Strikes out swinging
Batting: LHB Lorenzo Flores 0-0: Called Strike
0-1: Ball
1-1: Reached on error, E4 (Groundball, 4)
Batting: SHB Javier Villegas 0-0: Ball
1-0: Called Strike
1-1: Called Strike
1-2: SINGLE (Line Drive, 6MD)
Lorenzo Flores to third
Runner from 3rd tries for Home, SAFE, no throw or cutoff
Batting: RHB Clancy Booker 0-0: Ball
1-0: Ball
2-0: Foul Ball, location: 2F
2-1: Called Strike
2-2: Foul Ball, location: 2F
2-2: Foul Ball, location: 2F
2-2: Strikes out swinging
Top of the 3rd over - 1 run(s), 1 hit(s), 1 error(s), 1 left on base; Boston 4 - San Francisco 1
BOTTOM OF THE 3RD
San Francisco Bandits batting - Pitching for Boston Rebels : RHP Dorian Hoskins
Batting: RHB Kyle Williams 0-0: Called Strike
0-1: Ball
1-1: Foul Ball, location: 2F
1-2: Foul Ball, location: 2F
1-2: Fly out, F3 (Popup, 23)
Batting: RHB Pete Rideout 0-0: Fly out, F8 (Line Drive, 8LD)
Batting: RHB Cory Foster 0-0: Called Strike
0-1: Ball
1-1: SINGLE (Line Drive, 7S)
Batting: LHB Jerry Bryan 0-0: Ball
1-0: Ball
2-0: Ball
3-0: Base on Balls
Cory Foster to second
Batting: RHB Jorge Morales 0-0: SINGLE (Line Drive, 7LS)
Cory Foster to third
Jerry Bryan to second
Runner from 3rd tries for Home, SAFE, no throw or cutoff
Batting: RHB Michael Elliott 0-0: Ball
1-0: Swinging Strike
1-1: Ground out 6-3 (Groundball, 56)
Bottom of the 3rd over - 1 run(s), 2 hit(s), 0 error(s), 2 left on base; Boston 4 - San Francisco 2
TOP OF THE 4TH
Boston Rebels batting - Pitching for San Francisco Bandits : RHP Mabuchi Yoshida
Batting: RHB Ronnie Brown 0-0: Called Strike
0-1: Foul Ball, location: 2F
0-2: Ball
1-2: Ball
2-2: SINGLE (Line Drive, 8RS)
Batting: LHB Tony Ramírez 0-0: Fly out, F7 (Flyball, 78M)
Batting: RHB Rubén Matos 0-0: Swinging Strike
Ronnie Brown is caught stealing 2nd base
0-1: Ball
1-1: Ball
2-1: Foul Ball, location: 2F
2-2: Ball
3-2: Base on Balls
Batting: LHB Bill Wilson 0-0: Called Strike
0-1: Called Strike
0-2: Ball
1-2: SINGLE (Groundball, 5L)
Rubén Matos to second
Batting: LHB Stanley Mullins 0-0: Ball
1-0: Called Strike
1-1: Ball
2-1: Fielders Choice at 2nd, U6 (Groundball, 6M)
Top of the 4th over - 0 run(s), 2 hit(s), 0 error(s), 2 left on base; Boston 4 - San Francisco 2
BOTTOM OF THE 4TH
San Francisco Bandits batting - Pitching for Boston Rebels : RHP Dorian Hoskins
Batting: SHB Vicente Ricks 0-0: Ground out 6-3 (Groundball, 6)
Batting: RHB Emílio Bruno 0-0: Ball
1-0: Swinging Strike
1-1: Called Strike
1-2: Strikes out looking
Pitching: RHP Carlos Ruíz
Batting: RHB Javier Ramírez 0-0: Called Strike
0-1: Ball
1-1: Swinging Strike
1-2: Ball
2-2: Foul Ball, location: 2F
2-2: Ground out 4-3 (Groundball, 13)
Bottom of the 4th over - 0 run(s), 0 hit(s), 0 error(s), 0 left on base; Boston 4 - San Francisco 2
TOP OF THE 5TH
Boston Rebels batting - Pitching for San Francisco Bandits : RHP Mabuchi Yoshida
Pitching: RHP Fernando Llama
Batting: LHB Ricardo Brandariz 0-0: Called Strike
0-1: Ball
1-1: Ground out 5-3 (Groundball, 5)
Batting: LHB Lorenzo Flores 0-0: Foul Ball, location: 2F
0-1: DOUBLE (Line Drive, 7LD)
Batting: SHB Javier Villegas 0-0: Swinging Strike
0-1: SINGLE (Line Drive, 56S)
Lorenzo Flores to third
Batting: RHB Clancy Booker 0-0: Called Strike
0-1: Foul Ball, location: 2F
0-2: Ball
Wild Pitch!
Lorenzo Flores scores
Javier Villegas to second
1-2: Fly out, F9 (Flyball, 9D)
Batting: RHB Ronnie Brown 0-0: Called Strike
0-1: Called Strike
0-2: Ball
1-2: Fly out, F3 (Popup, 3F)
Top of the 5th over - 1 run(s), 2 hit(s), 0 error(s), 1 left on base; Boston 5 - San Francisco 2
BOTTOM OF THE 5TH
San Francisco Bandits batting - Pitching for Boston Rebels : RHP Carlos Ruíz
Batting: RHB Kyle Williams 0-0: Called Strike
0-1: Called Strike
0-2: Ball
1-2: Ball
2-2: Ball
3-2: Base on Balls
Batting: RHB Pete Rideout 0-0: Ball
1-0: Ball
2-0: Fly out, F8 (Flyball, 8LS)
Batting: RHB Cory Foster 0-0: Ball
1-0: Ball
2-0: Foul Ball, location: 2F
2-1: Called Strike
2-2: DOUBLE (Flyball, 9LD)
Kyle Williams to third
Batting: LHB Jerry Bryan 0-0: Ball
1-0: Fly out, F6 (Popup, 56)
Batting: RHB Jorge Morales 0-0: Called Strike
0-1: Ground out 4-3 (Groundball, 4M)
Bottom of the 5th over - 0 run(s), 1 hit(s), 0 error(s), 2 left on base; Boston 5 - San Francisco 2
TOP OF THE 6TH
Boston Rebels batting - Pitching for San Francisco Bandits : RHP Fernando Llama
Batting: LHB Tony Ramírez 0-0: Ground out 4-3 (Groundball, 34)
Batting: RHB Rubén Matos 0-0: Ball
1-0: Ball
2-0: Called Strike
2-1: Ball
3-1: SINGLE (Line Drive, 78S)
Batting: LHB Bill Wilson 0-0: Ball
1-0: Foul Ball, location: 2F
1-1: Fielders Choice at 2nd, 4-6 (Groundball, 4M)
Batting: LHB Jeff Gordon 0-0: Ball
1-0: Swinging Strike
1-1: Ball
2-1: Swinging Strike
2-2: Strikes out swinging
Top of the 6th over - 0 run(s), 1 hit(s), 0 error(s), 1 left on base; Boston 5 - San Francisco 2
BOTTOM OF THE 6TH
San Francisco Bandits batting - Pitching for Boston Rebels : RHP Carlos Ruíz
Batting: RHB Michael Elliott 0-0: Ball
1-0: Ball
2-0: Ball
3-0: Called Strike
3-1: Base on Balls
Batting: SHB Vicente Ricks 0-0: Hit by Pitch
Michael Elliott to second
Batting: RHB Emílio Bruno 0-0: SINGLE (Line Drive, 8LS)
Michael Elliott to third
Vicente Ricks to second
Runner from 3rd tries for Home, SAFE, no throw or cutoff
Batting: RHB Javier Ramírez 0-0: Called Strike
0-1: Ball
1-1: Ball
2-1: DOUBLE (Line Drive, 5D)
Vicente Ricks scores
Emílio Bruno to third
Batting: RHB Kyle Williams 0-0: Ball
1-0: Fly out, F5 (Popup, 5S)
Pinch Hitting: LHB Francisco Calderón 0-0: Ball
1-0: Called Strike
1-1: Ball
2-1: Foul Ball, location: 2F
2-2: Foul Ball, location: 2F
2-2: Ground out 4-3 (Groundball, 4M)
Pinch Hitting: RHB Dale Taylor 0-0: Foul Ball, location: 2F
0-1: Foul Ball, location: 2F
0-2: Foul Ball, location: 2F
0-2: Foul Ball, location: 2F
0-2: Strikes out swinging
Bottom of the 6th over - 2 run(s), 2 hit(s), 0 error(s), 2 left on base; Boston 5 - San Francisco 4
TOP OF THE 7TH
Boston Rebels batting - Pitching for San Francisco Bandits : RHP Fernando Llama
Pitching: RHP Mal Park
Now at 2B: Bob Orr
Now in LF: Francisco Calderón
Batting: LHB Ricardo Brandariz 0-0: Ground out 1-3 (Groundball, 2R)
Pitching: LHP Floyd Dye
Pinch Hitting: RHB Roberto Chávez 0-0: Ball
1-0: Ball
2-0: Foul Ball, location: 2F
2-1: SINGLE (Flyball, 8RS)
Pitching: RHP Carlos Ruíz
Pinch Hitting: LHB Doyle Otterburn 0-0: Fly out, F9 (Flyball, 89M)
Batting: RHB Clancy Booker 0-0: Called Strike
0-1: Ball
1-1: Ball
Roberto Chávez steals 2nd base
2-1: Ball
3-1: SINGLE (Groundball, 56D) (infield hit)
Roberto Chávez to third
Batting: RHB Ronnie Brown 0-0: Ball
Single, Error in OF, E8, batter to second base
Roberto Chávez scores
Clancy Booker to third
Pinch Hitting: RHB Felipe Olivas 0-0: Ball
1-0: Foul Ball, location: 2F
1-1: Foul Ball, location: 2F
1-2: Fly out, F7 (Flyball, 78M)
Top of the 7th over - 1 run(s), 3 hit(s), 1 error(s), 2 left on base; Boston 6 - San Francisco 4
BOTTOM OF THE 7TH
San Francisco Bandits batting - Pitching for Boston Rebels : RHP Carlos Ruíz
Pitching: RHP Tony Rocha
Now at 1B: Rob Whitley
Now at 2B: Felipe Olivas
Now at 3B: Doyle Otterburn
Pinch Hitting: LHB Miguel Montés 0-0: Ball
1-0: Called Strike
1-1: Ball
2-1: Called Strike
2-2: Strikes out swinging
Batting: LHB Mel Jones 0-0: Ball
1-0: Called Strike
1-1: Ground out 6-3 (Groundball, 6M)
Pinch Hitting: LHB John Foster 0-0: Fly out, F6 (Popup, 6D)
Bottom of the 7th over - 0 run(s), 0 hit(s), 0 error(s), 0 left on base; Boston 6 - San Francisco 4
TOP OF THE 8TH
Boston Rebels batting - Pitching for San Francisco Bandits : RHP Carlos Ruíz
Now at 1B: Miguel Montés
Now in RF: John Foster
Batting: RHB Rubén Matos 0-0: Ball
1-0: Called Strike
1-1: Ground out 4-3 (Groundball, 4)
Batting: LHB Bill Wilson 0-0: Ground out U3 (Groundball, 3L)
Batting: LHB Jeff Gordon 0-0: Ground out 6-3 (Groundball, 6M)
Top of the 8th over - 0 run(s), 0 hit(s), 0 error(s), 0 left on base; Boston 6 - San Francisco 4
BOTTOM OF THE 8TH
San Francisco Bandits batting - Pitching for Boston Rebels : RHP Tony Rocha
Batting: SHB Vicente Ricks 0-0: Foul Ball, location: 2F
0-1: Called Strike
0-2: Foul Ball, location: 2F
0-2: SINGLE (Groundball, 34D)
Pinch Hitting: RHB Ramón Ruíz 0-0: Grounds into double play, 5-4-3 (Groundball, 56)
Pinch Hitting: LHB Chris Austin 0-0: Called Strike
0-1: Called Strike
0-2: Strikes out swinging
Bottom of the 8th over - 0 run(s), 1 hit(s), 0 error(s), 0 left on base; Boston 6 - San Francisco 4
TOP OF THE 9TH
Boston Rebels batting - Pitching for San Francisco Bandits : RHP Carlos Ruíz
Pitching: LHP Esteban Peña
Now at SS: Jorge Díaz
Now in LF: Chris Austin
Batting: LHB Ricardo Brandariz 0-0: Foul Ball, location: 2F
0-1: Called Strike
0-2: Ball
1-2: Foul Ball, location: 2F
1-2: Foul Ball, location: 2F
1-2: Ground out 6-3 (Groundball, 6)
Pitching: RHP José Rivera
Batting: RHB Rob Whitley 0-0: Ball
1-0: Ball
2-0: Foul Ball, location: 2F
2-1: Ball
3-1: Foul Ball, location: 2F
3-2: Foul Ball, location: 2F
3-2: SINGLE (Groundball, 34D)
Batting: LHB Doyle Otterburn 0-0: Called Strike
0-1: Ball
1-1: Called Strike
1-2: Ball
2-2: Ball
3-2: Foul Ball, location: 2F
3-2: Foul Ball, location: 2F
3-2: Foul Ball, location: 2F
3-2: Base on Balls
Rob Whitley to second
Batting: RHB Clancy Booker 0-0: Called Strike
0-1: Ball
1-1: Foul Ball, location: 2F
1-2: Grounds into double play, 6-4-3 (Groundball, 6)
Top of the 9th over - 0 run(s), 1 hit(s), 0 error(s), 1 left on base; Boston 6 - San Francisco 4
BOTTOM OF THE 9TH
San Francisco Bandits batting - Pitching for Boston Rebels : RHP Tony Rocha
Pitching: RHP Manuel Jimenen
Pinch Hitting: RHB Armando López 0-0: Called Strike
0-1: Ball
1-1: Ground out 4-3 (Groundball, 34)
Batting: LHB Francisco Calderón 0-0: Called Strike
0-1: Ball
1-1: Ball
2-1: Ground out 4-3 (Groundball, 4)
Batting: RHB Bob Orr 0-0: Swinging Strike
0-1: Swinging Strike
0-2: Hit by Pitch
Batting: LHB Miguel Montés 0-0: Ground out U3 (Groundball, 3)
Bottom of the 9th over - 0 run(s), 0 hit(s), 0 error(s), 1 left on base; Boston 6 - San Francisco 4
Monday, December 5th, 2016 - OOTP Baseball 17.12 Build 75